 Dungeon Crawl Stone Soup version 0.23-a0-393-g6e9e0f2 (webtiles) character file.

894 galech the Chopper (level 7, -3/54 HPs)
             Began as a Demonspawn Fighter on Oct 31, 2018.
             Was an Initiate of Okawaru.
             Slain by an orc warrior
             ... wielding a +0 scimitar
              (11 damage)
             ... on level 5 of the Dungeon.
             The game lasted 00:09:02 (4709 turns).

galech the Chopper (Demonspawn Fighter)             Turns: 4709, Time: 00:09:03

Health: -3/54      AC: 24    Str: 17    XL:     7   Next: 78%
Magic:  16/16      EV:  0    Int:  9    God:    Okawaru [......]
Gold:   207        SH: 10    Dex: 21    Spells: 6/6 levels left

rFire    + + .     SeeInvis .   a - +0 war axe
rCold    + . .     Gourm    .   c - +0 shield
rNeg     . . .     Faith    .   o - +9 scales of the Dragon King {rPois rF+ rC+ MR+}
rPois    +         Spirit   .   (no helmet)
rElec    .         Reflect  .   u - +0 cloak
rCorr    .         Harm     .   (no gloves)
MR       +....                  (no boots)
Stlth    ..........             (no amulet)
HPRegen  0.18/turn              F - ring "Paun" {rF+ MP+9 Dex+4}
MPRegen  0.15/turn              B - +3 ring of dexterity

@: no status effects
A: powered by death 2, powered by pain 1
a: Renounce Religion


You were on level 5 of the Dungeon.
You worshipped Okawaru.
Okawaru was noncommittal.
You were near starving.

You visited 2 branches of the dungeon, and saw 7 of its levels.

You collected 207 gold pieces.

Inventory:

Hand Weapons
 a - a +0 war axe (weapon)
 A - a +0 hand axe of flaming
Armour
 c - a +0 shield (worn)
 n - a scarf of cloud immunity
 o - the +9 scales of the Dragon King (worn) {rPois rF+ rC+ MR+}
   (You found it on level 4 of the Dungeon)

   It protects you from fire.
   It protects you from cold.
   It protects you from poison.
   It affects your resistance to hostile enchantments.
 u - a +0 cloak (worn)
Jewellery
 t - an uncursed ring of fire
 y - an uncursed ring of positive energy
 B - a +3 ring of dexterity (right hand)
 F - the ring "Paun" (left hand) {rF+ MP+9 Dex+4}
   (You found it on level 5 of the Dungeon)

   [ring of protection from fire]

   It affects your dexterity (+4).
   It protects you from fire.
   It affects your magic capacity (+9).
Wands
 z - a wand of paralysis (4)
 C - a wand of disintegration (17)
Scrolls
 b - 2 scrolls of magic mapping
 e - 2 scrolls of teleportation
 h - 2 scrolls of fear
 l - 2 scrolls of remove curse
 q - 3 scrolls of enchant armour
 r - 5 scrolls of amnesia
 D - 3 scrolls of identify
 E - a scroll of noise {unknown}
Potions
 d - a potion of might
 g - a potion of flight {unknown}
 i - a potion of invisibility {unknown}
 j - a potion of agility {unknown}
 m - 2 potions of curing {unknown}
 p - a potion of mutation {unknown}
 s - 3 potions of lignification {unknown}
 v - a potion of haste {unknown}
 w - a potion of berserk rage {unknown}
 G - 2 potions of heal wounds {unknown}
Comestibles
 f - 9 rations


   Skills:
 + Level 4.1 Fighting
 + Level 5.8 Axes
 + Level 4.3 Armour
 + Level 0.5 Dodging
 + Level 4.5 Shields


You had 6 spell levels left.
You didn't know any spells.
Your spell library contained the following spells:

 Spells                   Type           Power        Failure   Level  Hunger
 Magic Dart               Conj           #...         100%        1    ##.....
 Blink                    Tloc           N/A          100%        2    ###....
 Call Imp                 Summ           #.......     100%        2    ###....
 Slow                     Hex            #.......     100%        2    ###....
 Conjure Flame            Conj/Fire      #.......     100%        3    ####...
 Mephitic Cloud           Conj/Pois/Air  #.......     100%        3    ####...


Dungeon Overview and Level Annotations

Branches:
Dungeon (6/15)             Temple (1/1) D:6

Altars:
Cheibriados
Dithmenos
Elyvilon
Gozag
Hepliaklqana
Kikubaaqudgha
Makhleb
Nemelex Xobeh
Okawaru
Qazlal
Ru
Sif Muna
Trog
Wu Jian
Yredelemnul
The Shining One

Annotations:
D:5 2 transporters


Innate Abilities, Weirdness & Mutations

You regenerate health from kills.
You sometimes gain a little power by taking damage.


Message History

The orc warrior is heavily wounded.
The orc warrior hits you with a +0 scimitar.
You closely miss the orc warrior.
The orc warrior is heavily wounded.
The orc warrior hits you with a +0 scimitar.
* * * LOW HITPOINT WARNING * * *
Your scales of the Dragon King prevents you from hitting the orc warrior.
The orc warrior is heavily wounded.
You block the orc warrior's attack.
Your scales of the Dragon King prevents you from hitting the orc warrior.
The orc warrior is heavily wounded.
The orc warrior hits you but does no damage.
Your scales of the Dragon King prevents you from hitting the orc warrior.
The orc warrior is heavily wounded.
The orc warrior hits you with a +0 scimitar!
* * * LOW HITPOINT WARNING * * *
Your scales of the Dragon King prevents you from hitting the orc warrior.
The orc warrior is heavily wounded.
The orc warrior hits you with a +0 scimitar!
You die...

# #.....# ############.....#
.................#
.##########.#####################
....##...........................
..#.###.####......##############.
#.#.# #....+........#............
#.#.###.##.#.....o#.#.###########
................@.#.#.#
#.#.###..#.#......#.#.#####
#.#......#.#......#.#.....#
#.######.#.#####.##.#####.#
#........#.#......#.# #.#
####....##.#....###.# #.#
.................##.# #.#
...........#....###.# #.#
........####..### #.# #.#


You could see an orc warrior.

Vanquished Creatures
  Edmund (D:4)
  An ogre (D:5)
  A necrophage (D:5)
  A sky beast (D:6)
  Blork the orc (D:4)
  A hound (D:4)
  A centaur skeleton (D:4)
  4 iguanas
  2 worker ants
  10 adders
  3 gnolls
  A shadow imp (D:6)
  2 oozes (D:3)
  2 adder skeletons
  3 worms
  3 dart slugs
  3 leopard geckos
  An orc (D:6)
  8 giant cockroaches
  3 goblins
  11 hobgoblins
  7 jackals
  8 kobolds
  12 bats
  5 frilled lizards
  8 rats
103 creatures vanquished.

Notes
Turn   | Place    | Note
-------+----------+-------------------------------------------
     0 | D:1      | galech the Demonspawn Fighter began the quest for the Orb.
     0 | D:1      | Reached XP level 1. HP: 18/18 MP: 1/1
    86 | D:1      | Reached skill level 2 in Axes
    87 | D:1      | Gained mutation: You regenerate a little health from kills.
                  | [demonic ancestry]
    87 | D:1      | Reached XP level 2. HP: 23/24 MP: 2/2
   363 | D:1      | Reached XP level 3. HP: 29/29 MP: 3/3
   399 | D:1      | Found a snail-covered altar of Cheibriados.
   802 | D:2      | Reached skill level 3 in Axes
   802 | D:2      | Reached XP level 4. HP: 29/35 MP: 4/4
  1338 | D:2      | Found a sacrificial altar of Ru.
  1513 | D:3      | Reached XP level 5. HP: 35/41 MP: 5/5
  1635 | D:3      | Found a burning altar of Makhleb.
  2210 | D:3      | Found a shadowy altar of Dithmenos.
  2482 | D:4      | Noticed Edmund
  2497 | D:4      | Found the +9 scales of the Dragon King {rPois rF+ rC+ MR+}
  2784 | D:4      | Noticed Blork the orc
  3006 | D:4      | Killed Edmund
  3006 | D:4      | Reached skill level 4 in Axes
  3006 | D:4      | Gained mutation: You sometimes gain a little power by
                  | taking damage. [demonic ancestry]
  3006 | D:4      | Reached XP level 6. HP: 30/47 MP: 6/6
  3282 | D:4      | Killed Blork the orc
  3657 | D:5      | Entered Level 5 of the Dungeon
  3779 | D:5      | Gained mutation: You regenerate health from kills. [demonic
                  | ancestry]
  3779 | D:5      | Reached XP level 7. HP: 53/53 MP: 7/7
  3833 | D:5      | Reached skill level 5 in Axes
  3856 | D:5      | Found a transporter.
  3862 | D:5      | Noticed a kobold demonologist
  3888 | D:5      | Found a transporter.
  4423 | D:5      | Got a sparkling iron ring
  4455 | D:5      | Identified the ring "Paun" {rF+ MP+9 Dex+4} (You found it
                  | on level 5 of the Dungeon)
  4526 | D:6      | Found a staircase to the Ecumenical Temple.
  4557 | Temple   | Entered the Ecumenical Temple
  4600 | Temple   | Became a worshipper of Warmaster Okawaru
  4709 | D:5      | Slain by an orc warrior

Vault maps used:
D:1:      dpeg_arrival_tiny_h, hangedman_decor_points, cheibriados_altar_1
D:2:      nicolae_ru_path_of_blood, minivault_19, roderic_roman_lattice,
          due_unseen_surprise
D:3:      nicolae_dithmenos_through_a_glass_darkly, lemuel_round_altar
D:4:      first_ration, uniq_blork_the_orc, uniq_edmund
D:5:      gammafunk_wand_slinger
D:6:      minmay_temple_entry_mist, serial_park, serial_park_gazebo,
          serial_park_square3, serial_park_square1
Temple:   nicolae_temple_elliptical

Skill      XL: |  1  2  3  4  5  6  7 |
---------------+----------------------+-----
Axes           | 2 3 4 5 |  5.8
Shields        | 3 4 |  4.5
Armour         | 3 4 |  4.3
Fighting       | 4 |  4.1
Dodging        | |  0.5

Action                   |  1- 3 |  4- 6 |  7- 9 || total
-------------------------+-------+-------+-------++-------
Melee: War axe           |    67 |   274 |    99 ||   440
  Use: Potion            |     1 |       |       ||     1
       Scroll            |       |     6 |       ||     6
  Eat: Chunk             |       |     6 |     2 ||     8
       Ration            |       |     1 |       ||     1
Armor: Scale mail        |    39 |    20 |       ||    59
       Chain mail        |       |    97 |       ||    97
       Gold dragon scale |       |    64 |    71 ||   135
Dodge: Dodged            |    36 |    45 |     2 ||    83
Block: Shield            |    48 |   161 |    52 ||   261

Table legend:
 A = Non-vault XP
 B = Vault XP
 C = Vault XP percentage of total XP
 D = Non-vault monster count
 E = Vault monster count
 F = Vault count percentage of total count
                 A         B        C        D         E       F
            +---------+---------+-------+---------+---------+-------
      Total |    1018 |     260 |  20.3 |     101 |       2 |   1.9
            +---------+---------+-------+---------+---------+-------
        D:1 |      56 |       0 |   0.0 |      24 |       0 |   0.0
        D:2 |     120 |       0 |   0.0 |      23 |       0 |   0.0
        D:3 |     121 |       0 |   0.0 |      33 |       0 |   0.0
        D:4 |     156 |     260 |  62.5 |       6 |       2 |  25.0
        D:5 |     390 |       0 |   0.0 |      11 |       0 |   0.0
        D:6 |     175 |       0 |   0.0 |       4 |       0 |   0.0
            +---------+---------+-------+---------+---------+-------
